 Dungeon Crawl Stone Soup version 0.18-a0-1426-g3b9a63c (webtiles) character file.

23 namelastname112 the Insei (level 2, 22/26 HPs)
             Began as a Draconian Monk on Feb 27, 2016.
             Was a Believer of Vehumet.
             Quit the game on level 2 of the Dungeon.
             The game lasted 00:01:05 (814 turns).

namelastname112 the Insei (Draconian Monk)           Turns: 814, Time: 00:01:06

Health: 22/26      AC:  4    Str: 13    XL:     2   Next: 75%
Magic:  2/2        EV: 13    Int: 10    God:    Vehumet [**....]
Gold:   51         SH:  0    Dex: 13    Spells: 0 memorised, 1 level left

rFire  . . .     SeeInvis .       - Unarmed
rCold  . . .     Gourm    .     (armour unavailable)
rNeg   . . .     Faith    .     (no shield)
rPois  .         Spirit   .     (helmet restricted)
rElec  .         Dismiss  .     (no cloak)
rCorr  .         Reflect  .     (no gloves)
SustAt .         Harm     .     (no boots)
MR     .....                    (no amulet)
Stlth  ++........               (no ring)
                                (no ring)

@: not resistant to hostile enchantments, unstealthy
A: unfitting armour, cold-blooded, AC +4
a: Renounce Religion


You were on level 2 of the Dungeon.
You worshipped Vehumet.
Vehumet was pleased with you.
You were not hungry.

You visited 1 branch of the dungeon, and saw 2 of its levels.

You collected 51 gold pieces.

Inventory:

Scrolls
 b - 5 scrolls of identify {unknown}
 d - 2 scrolls of amnesia {unknown}
 f - 2 scrolls of remove curse {unknown}
Potions
 c - a potion of mutation {unknown}
 e - a potion of haste {unknown}
 g - a potion of degeneration {unknown}
Comestibles
 a - 3 bread rations
 h - a beef jerky


   Skills:
 - Level 3.2 Fighting
 - Level 2.6 Dodging
 - Level 1.7 Stealth
 + Level 4.8 Unarmed Combat


You had one spell level left.
You didn't know any spells.

Dungeon Overview and Level Annotations

Branches:
Dungeon (2/15)

Altars:
Ashenzari
Vehumet


Innate Abilities, Weirdness & Mutations

Your plain brown scales are hard (AC +4).
Your body does not fit into most forms of armour.
You are cold-blooded and may be slowed by cold attacks.


Message History

A giant newt is nearby!
The giant newt closely misses you.
You completely miss the giant newt. The giant newt bites you.
You closely miss the giant newt. The giant newt barely misses you.
You closely miss the giant newt.
The giant newt bites you but does no damage.
You hit the giant newt but do no damage.
The giant newt barely misses you.
You closely miss the giant newt.
Your tail-slap misses the giant newt.
The giant newt bites you but does no damage.
You punch the giant newt!
You kill the giant newt!
No target in view!
There is a faded altar to an unknown god here.
This altar will convert you to a god.
You cannot discern which.
Do you pray? Vehumet accepts your prayer! Vehumet welcomes you!
You can now gain magical power from killing.
Vehumet offers you knowledge of Shock.
Are you sure you want to abandon this character and quit the game? (Confirm with "yes".)

.... +........#.#
..... #........#
...... #......###.
.....###..........
.....####.#######
#+#.......#
#.#...8...#
#.#..8.8..#
##.#.8.@.8.#
#.....8.8..#
#.......8...#
##..........#
........##..##
####.######.# #.
.# ## ##


There were no monsters in sight!

Vanquished Creatures
  A worm (D:2)
  A giant gecko (D:1)
  5 bats (D:1)
  A giant cockroach (D:1)
  2 goblins (D:1)
  A hobgoblin (D:1)
  A ball python (D:1)
  2 giant newts (D:2)
  3 kobolds (D:1)
  4 rats (D:1)
21 creatures vanquished.

Notes
Turn   | Place    | Note
--------------------------------------------------------------
     0 | D:1      | namelastname112 the Draconian Monk began the quest for the Orb.
     0 | D:1      | Reached XP level 1. HP: 19/19 MP: 1/1
   235 | D:1      | Reached XP level 2. HP: 26/26 MP: 2/2
   722 | D:2      | Found a shattered altar of Ashenzari.
   792 | D:2      | Found a faded altar to an unknown god.
   814 | D:2      | Became a worshipper of Vehumet
   814 | D:2      | Reached * piety under Vehumet
   814 | D:2      | Offered knowledge of Shock by Vehumet.
   814 | D:2      | Reached ** piety under Vehumet
   814 | D:2      | Quit the game

Vault maps used:
D:1:      lightli_arrival_boilingwater, hex_large, minivault_25
D:2:      lemuel_round_altar, okawaru_ov_weapons_minmay, ecumenical_altar_2,
          first_bread, evilmike_ruin_ashenzari

Action                   || total
-------------------------++-------
Melee: Unarmed           ||    53
 Stab: Sleeping          ||     2
